Map: King Sejong Station LE

Players

GRIFFEN

  • Race: Terran Terran
  • League: Diamond

Anansi - Winner!

  • Race: Zerg Zerg
  • League: Master

VOD

Have the link to the VOD?

Description

Time

  • Played on: Oct. 13, 2016, 7:45 p.m.
  • Length: 4:38
Show
View Real Time Build Order
Export as new Build Order

GRIFFEN Terran 

Build Orders: Reaper Expand 

Get SALT Encoding   

  12  0:00  SCV  
  13  0:12  SCV  
  14  0:17  Supply Depot  
  14  0:25  SCV  
  15  0:31  Refinery  
  15  0:39  SCV  
  16  0:44  Barracks  
  16  0:51  SCV  
  17  1:03  SCV  
  18  1:15  SCV  
  19  1:31  Orbital Command  
  19  1:32  Reaper  
  20  1:47  Command Center  
  20  1:57  Factory  
  20  2:03  SCV  
  21  2:12  Barracks Reactor  
  21  2:15  SCV  
  21  2:20  Supply Depot  
  22  2:27  SCV  
  23  2:41  SCV  
  24  2:49  Command Center  
  24  2:57  Hellion  
  26  2:59  Starport  
  26  3:03  Hellion  
  28  3:07  SCV  
  29  3:14  Orbital Command  
  29  3:23  Hellion  
  29  3:24  SCV  
  32  3:28  Hellion  
  34  3:36  SCV  
  38  3:41  SCV  
  38  3:54  Refinery  
  42  3:57  SCV x2  
  42  3:59  Widow Mine  
  42  4:00  Widow Mine  
  42  4:01  Marine  
  44  4:03  Orbital Command  
  44  4:09  SCV  
  37  4:22  Bunker  
Show
View Real Time Build Order
Export as new Build Order

Anansi Zerg - Winner!

Build Orders: Hatch First 

Get SALT Encoding   

  12  0:00  Drone  
  13  0:12  Overlord  
  13  0:17  Drone  
  14  0:31  Drone x2  
  14  0:34  Drone  
  17  0:52  Hatchery  
  17  0:55  Drone  
  17  0:57  Drone  
  18  1:09  Extractor  
  17  1:13  Spawning Pool  
  17  1:15  Drone  
  17  1:19  Drone  
  18  1:28  Drone  
  19  1:38  Overlord  
  19  1:53  Drone  
  20  2:01  Queen  
  20  2:02  Zergling x2  
  20  2:04  Queen  
  20  2:05  Zergling x2  
  20  2:08  Metabolic Boost  
  26  2:12  Drone  
  28  2:22  Drone  
  28  2:23  Drone  
  28  2:26  Roach Warren  
  28  2:29  Drone  
  29  2:32  Drone  
  30  2:37  Drone  
  31  2:44  Extractor  
  31  2:49  Overlord  
  31  2:50  Overlord  
  31  2:54  Drone  
  32  3:13  Roach x6  
  44  3:21  Zergling x6  
  44  3:25  Overlord  
  47  3:28  Zergling x2  
  48  3:39  Zergling x4  
  50  3:42  Zergling x2  
  50  3:43  Zergling x2  
  50  3:44  Zergling x2  
  50  3:46  Overlord  
  53  3:51  Zergling x6  
  53  3:53  Zergling x2  
  57  3:59  Ravager x2  
  59  4:02  Zergling x2  
  59  4:04  Zergling x2  
  59  4:08  Overlord  
Tags
 
Add a new tag
Caveats
  • Supply blocks, unpowered buildings, or Contaminate may cause inaccurate times.
  • Supply counts are checked every 10 seconds.